 Dungeon Crawl Stone Soup version 0.31-a0-202-g547052bce9 (webtiles) character file.

Game seed: 3050605103342678458

82 qw the Shooter (level 4, 0/25 HPs)
             Began as a Deep Elf Hunter on June 26, 2023.
             Killed from afar by an orc wizard (4 damage)
             ... with a magic dart
             ... on level 3 of the Dungeon.
             The game lasted 00:00:32 (1177 turns).

qw the Shooter (Deep Elf Hunter)                    Turns: 1177, Time: 00:00:33

Health: 0/25       AC:  5    Str: 10    XL:     4   Next: 21%
Magic:  6/6        EV: 11    Int: 14    God:
Gold:   13         SH:  0    Dex: 18    Spells: 3/3 levels left

rFire   . . .        Y - +0 shortbow
rCold   . . .        (shield currently unavailable)
rNeg    . . .        d - +0 ring mail
rPois   .            (no helmet)
rElec   .            (no cloak)
rCorr   .            (no gloves)
SInv    .            (no boots)
Will    .....        (no amulet)
Stlth   +            (no ring)
HPRegen 0.24/turn    (no ring)
MPRegen 0.10/turn

%: no passive effects
@: no status effects
A: no striking features
a: no special abilities


You were on level 3 of the Dungeon.
You visited 1 branch of the dungeon, and saw 3 of its levels.

You collected 63 gold pieces.
You spent 50 gold pieces at shops.


   Skills:
 - Level 1.5 Fighting
 + Level 7.6 Ranged Weapons
 - Level 2.4 Dodging
 - Level 1.2 Stealth


You had 3 spell levels left.
You didn't know any spells.
Your spell library was empty.

Inventory:

Hand Weapons
 Y - a +0 shortbow (weapon)
Armour
 d - a +0 ring mail (worn)
Scrolls
 b - a scroll of amnesia {unknown}
 e - 2 scrolls of identify
Potions
 a - a potion of might

Dungeon Overview and Level Annotations

Branches:
Dungeon (3/15)

Altars:

Shops:
D:2 =*


Message History

The hobgoblin hits you but does no damage.
You hear some strange, mumbled words.
Something tries to affect you, but you resist.
You shoot an arrow. The arrow closely misses the hobgoblin.
The hobgoblin hits you but does no damage.
The orc hits you but does no damage. Something hits you.
The orc hits you but does no damage.
You shoot an arrow. The arrow closely misses the hobgoblin.
The orc closely misses you.
The hobgoblin hits you but does no damage.
Something barely misses you.
You shoot an arrow. The arrow hits the hobgoblin!
You kill the hobgoblin!
The orc closely misses you. Something hits you.
You shoot an arrow. The arrow barely misses the orc.
The orc hits you but does no damage. Something hits you but does no damage.
The orc hits you with a +0 whip. The orc hits you with a +0 flail.
The orc closely misses you. The orc hits you with a +0 flail.
The orc hits you but does no damage. Something hits you.
1173 ||| DRINKING potion of heal wounds.
You feel much better. Something hits you. The orc barely misses you.
The orc hits you with a +0 flail! The orc hits you but does no damage.
You shoot an arrow. The arrow hits the orc.
The orc is moderately wounded.
The orc hits you but does no damage. Something completely misses you.
The orc hits you but does no damage. x2
You shoot an arrow. The arrow closely misses the orc.
The orc closely misses you. Something hits you but does no damage.
The orc completely misses you. The orc hits you with a +0 flail.
You shoot an arrow. The arrow hits the orc.
You kill the orc!
The orc closely misses you. The orc hits you with a +0 whip.
Something hits you but does no damage.
You shoot an arrow. The arrow completely misses the orc.
The orc hits you but does no damage. The orc hits you with a +0 whip.
You hear some strange, mumbled words.
A magic dart appears from out of thin air!
The magic dart hits you.
You die...

#.o.o.. #.....###
.).......
#####.o......
#...#........
#.#.#......
#.#.....#
+....o########
#.#..o@/.....#
#<.){......####
.##............#
#...............#
#########.......#
#.......#
#.......#
#.......#
#.......#


You could see 2 orcs.

Vanquished Creatures
  2 adders (D:2)
  A worm (D:2)
  3 dart slugs (D:1)
  2 orcs (D:3)
  8 ball pythons
  An endoplasm (D:1)
  2 giant cockroaches
  5 goblins
  3 hobgoblins
  5 jackals
  4 quokkas
  2 bats (D:1)
  A frilled lizard (D:1)
  5 kobolds
  2 rats
46 creatures vanquished.

Notes
Turn   | Place    | Note
-------+----------+-------------------------------------------
     0 | D:1      | qw the Deep Elf Hunter began the quest for the Orb.
     0 | D:1      | Reached XP level 1. HP: 12/12 MP: 3/3
     0 | D:1      | 0 ||| qw: Version: 0.3-a-22-g0ed2b0b
     0 | D:1      | 0 ||| qw: Game counter: 6326
     0 | D:1      | 0 ||| qw: Melee chars always use a shield: true
     0 | D:1      | 0 ||| qw: God list: Okawaru
     0 | D:1      | 0 ||| qw: Allow faded altars: false
     0 | D:1      | 0 ||| qw: Do Orc after clearing Dungeon:15 true
     0 | D:1      | 0 ||| qw: Do second Lair branch before Depths: true
     0 | D:1      | 0 ||| qw: Lair rune preference: random
     0 | D:1      | 0 ||| qw: Goals: Normal
     0 | D:1      | 0 ||| PLANNING D:1-11
   127 | D:1      | Reached skill level 6 in Ranged Weapons
   127 | D:1      | Reached XP level 2. HP: 16/16 MP: 4/4
   292 | D:1      | Reached XP level 3. HP: 20/20 MP: 5/5
   456 | D:1      | 456 ||| READING scroll labelled EDOACV ACUALIS.
   457 | D:1      | 457 ||| READING 2 scrolls labelled JYALLEMOJIKK.
   458 | D:1      | 458 ||| DROPPING scroll of butterflies.
   477 | D:2      | Found Goukysa's Jewellery Shop.
   481 | D:2      | 481 ||| SHOPLISTING +6 ring of strength (396 gold, have
                  | 29).
   481 | D:2      | 481 ||| SHOPLISTING amulet of faith (440 gold, have 29).
   481 | D:2      | 481 ||| SHOPLISTING amulet of reflection (330 gold, have
                  | 29).
   481 | D:2      | 481 ||| SHOPLISTING brooch of Shielding {Spirit SH+8} (715
                  | gold, have 29).
   481 | D:2      | 481 ||| SHOPLISTING ring of Xyidd {Drain Fly rPois rC-
                  | rN+++} (408 gold, have 29).
   502 | D:2      | Reached skill level 7 in Ranged Weapons
   851 | D:2      | Reached XP level 4. HP: 25/25 MP: 6/6
   915 | D:2      | Found Ohuj's General Store.
   934 | D:2      | 934 ||| SHOPLISTING +0 helmet of the Sixty-Six Dances
                  | {-Cast rF++ rN+++ Int-4} (346 gold, have 57).
   934 | D:2      | 934 ||| SHOPLISTING +3 leather armour of positive energy
                  | (210 gold, have 57).
   934 | D:2      | 934 ||| BUYING potion of heal wounds (50 gold).
   934 | D:2      | Bought a potion of heal wounds for 50 gold pieces
   934 | D:2      | 934 ||| SHOPLISTING scroll of identify (20 gold, have 7).
  1109 | D:2      | 1109 ||| UPGRADING to +0 ring mail.
  1119 | D:2      | 1119 ||| DROPPING +0 leather armour.
  1120 | D:2      | 1120 ||| READING 4 scrolls of identify.
  1120 | D:2      | 1120 ||| IDENTIFYING cyan potion
  1121 | D:2      | 1121 ||| READING 3 scrolls of identify.
  1121 | D:2      | 1121 ||| IDENTIFYING lumpy orange potion
  1122 | D:2      | 1122 ||| DROPPING potion of berserk rage.
  1155 | D:3      | 1155 ||| Stepping ~*~*~tactically~*~*~ (outnumbered).
  1158 | D:3      | 1158 ||| Stepping ~*~*~tactically~*~*~ (outnumbered).
  1172 | D:3      | HP: 4/25 [orc/+0 flail (3)]
  1173 | D:3      | 1173 ||| DRINKING potion of heal wounds.
  1177 | D:3      | HP: 4/25 [orc/+0 whip (3)]
  1177 | D:3      | Killed from afar by an orc wizard

Levels and vault maps discovered:
D:1:      zaba_arrival_water, layout_rooms
D:2:      layout_loops_ring, serial_shops, nicolae_shop_waterfront, shop,
          kennysheep_path_1
D:3:      layout_basic

Skill      XL: |  1  2  3 |
---------------+----------+-----
Ranged Weapons | 6 7 |  7.6
Fighting       | |  1.5
Dodging        | |  2.4
Stealth        | |  1.2

Action                     |  1- 3 |  4- 6 || total
---------------------------+-------+-------++-------
   Fire: Shortbow          |   104 |    31 ||   135
    Use: Scroll            |     2 |     2 ||     4
         Potion            |       |     1 ||     1
 Armour: Leather armour    |     7 |       ||     7
         Ring mail         |       |    16 ||    16
  Dodge: Dodged            |    27 |    17 ||    44

Table legend:
 A = Non-vault XP
 B = Vault XP
 C = Vault XP percentage of total XP
 D = Non-vault monster count
 E = Vault monster count
 F = Vault count percentage of total count
                 A         B        C        D         E       F
            +---------+---------+-------+---------+---------+-------
      Total |     118 |       0 |   0.0 |      46 |       0 |   0.0
            +---------+---------+-------+---------+---------+-------
        D:1 |      51 |       0 |   0.0 |      25 |       0 |   0.0
        D:2 |      59 |       0 |   0.0 |      18 |       0 |   0.0
        D:3 |       8 |       0 |   0.0 |       3 |       0 |   0.0
            +---------+---------+-------+---------+---------+-------
